 Dungeon Crawl Stone Soup version 0.22-b1-59-g0aedee7 (webtiles) character file.

170365 MTVSty1e the Severer (level 17, 0/112 HPs)
             Began as a Gargoyle Monk on Aug 9, 2018.
             Was the Champion of Okawaru.
             Killed from afar by a deep elf knight (15 damage)
             ... with a shard of ice
             ... on level 2 of the Elven Halls.
             The game lasted 01:00:26 (28775 turns).

MTVSty1e the Severer (Gargoyle Monk)               Turns: 28775, Time: 01:00:27

Health: 0/112      AC: 40    Str: 21    XL:     17   Next: 99%
Magic:  26/27      EV: 20    Int:  9    God:    Okawaru [******]
Gold:   636        SH:  0    Dex: 12    Spells: 16/16 levels left

rFire    + . .     SeeInvis .   s - +2 executioner's axe (vamp)
rCold    . . .     Gourm    .   (shield currently unavailable)
rNeg     + . .     Faith    .   A - +0 shadow dragon scales
rPois    ∞         Spirit   .   q - +0 helmet
rElec    +         Reflect  .   v - +1 cloak {MR+}
rCorr    .         Harm     .   F - +0 pair of gloves
MR       ++...                  y - +2 pair of boots
Stlth    +++++.....             x - amulet of rage
HPRegen  0.28/turn              V - ring "Dozay" {EV+4 Int-3 Slay+2 Stlth+}
MPRegen  0.20/turn              X - ring of protection from fire

@: heroism, finesse
A: big wings, negative energy resistance 1, electricity resistance, wild magic
1, unbreathing, petrification resistance, rot immunity, sturdy frame 1, AC +12
a: Fly, Heroism, Finesse, Renounce Religion, Evoke Berserk Rage


You were on level 2 of the Elven Halls.
You worshipped Okawaru.
Okawaru was exalted by your worship.
You were hungry.

You visited 4 branches of the dungeon, and saw 25 of its levels.
You visited the Abyss 1 time.
You also visited: Ossuary.

You collected 2413 gold pieces.
You spent 1777 gold pieces at shops.

Inventory:

Hand Weapons
 k - a +4 broad axe of freezing
 s - a +2 vampiric executioner's axe (weapon)
Armour
 a - the +4 shield "Fastycs" {Regen+ Int-5 Dex+6 SInv}
   (You acquired it on level 2 of the Orcish Mines)

   It affects your intelligence (-5).
   It affects your dexterity (+6).
   It lets you see invisible.
   It increases your rate of regeneration.
 q - a +0 helmet (worn)
 v - a +1 cloak of magic resistance (worn)
 y - a +2 pair of boots (worn)
 A - +0 shadow dragon scales (worn)
 C - the +2 chain mail of Rimigos {*Slow rPois rF+ rC++ rCorr}
   (Okawaru gifted it to you on level 2 of the Elven Halls)

   It protects you from fire.
   It greatly protects you from cold.
   It protects you from poison.
   It provides partial protection from all sources of acid and corrosion.
   It may slow you when you take damage.
 F - a +0 pair of gloves (worn)
Jewellery
 e - an uncursed ring of see invisible
 j - an uncursed ring of protection from fire
 l - an uncursed ring of protection from magic
 o - an uncursed ring of ice
 x - an amulet of rage (around neck)
 J - an uncursed ring of resist corrosion
 V - the ring "Dozay" (left hand) {EV+4 Int-3 Slay+2 Stlth+}
   (You bought it in a shop on level 10 of the Dungeon)

   [ring of evasion]

   It affects your evasion (+4).
   It affects your intelligence (-3).
   It affects your accuracy and damage with ranged weapons and melee attacks
   (+2).
   It makes you more stealthy.
 X - a ring of protection from fire (right hand)
Wands
 b - a wand of clouds (4)
 m - a wand of enslavement (18)
 r - a wand of paralysis (11)
 u - a wand of digging (28)
 Q - a wand of flame (89)
 R - a wand of polymorph (37)
 T - a wand of iceblast (16)
 W - a wand of acid (31)
 Y - a wand of scattershot (12)
Scrolls
 f - 4 scrolls of identify
 g - 2 scrolls of fear
 h - 8 scrolls of teleportation
 w - 14 scrolls of remove curse
 z - 6 scrolls of amnesia
 E - 6 scrolls of enchant armour
 G - 2 scrolls of blinking
 H - a scroll of fog
 P - 3 scrolls of magic mapping
Potions
 d - 4 potions of haste
 i - 5 potions of resistance
 n - 3 potions of heal wounds
 p - 9 potions of curing
 t - a potion of cancellation
 B - 2 potions of berserk rage
 I - 4 potions of lignification
 K - 4 potions of agility
 L - 2 potions of invisibility
 M - 3 potions of mutation
 N - 3 potions of brilliance
 O - a potion of ambrosia
 S - 2 potions of might
Comestibles
 c - 23 rations


   Skills:
 + Level 14.4(19.4) Fighting
 * Level 17.4(22.4) Axes
 + Level 11.4(16.4) Armour
 + Level 9.4(14.4) Dodging
 - Level 2.1(7.1) Stealth
 * Level 13.6 Invocations
 - Level 5.7 Evocations


You had 16 spell levels left.
You didn't know any spells.
Your spell library contained the following spells:

 Spells                   Type           Power        Failure   Level  Hunger
 Magic Dart               Conj           #...         85%         1    ##.....
 Fireball                 Conj/Fire      #.........   100%        5    ######.
 Conjure Flame            Conj/Fire      #.......     99%         3    ####...
 Slow                     Hex            #.......     93%         2    ###....
 Confuse                  Hex            #.......     99%         3    ####...
 Throw Flame              Conj/Fire      #.....       93%         2    ###....
 Throw Frost              Conj/Ice       #.....       93%         2    ###....
 Freezing Cloud           Conj/Ice/Air   #.........   100%        6    #######
 Mephitic Cloud           Conj/Pois/Air  #.......     99%         3    ####...
 Death's Door             Chrm/Necr      #.........   100%        8    #######
 Blink                    Tloc           N/A          93%         2    ###....
 Haunt                    Necr/Summ      #.........   100%        7    #######
 Borgnjor's Revivificati  Necr           #.........   100%        8    #######
 Freeze                   Ice            #...         85%         1    ##.....
 Sticky Flame             Conj/Fire      #.......     100%        4    #####..
 Summon Ice Beast         Ice/Summ       #.......     100%        4    #####..
 Ozocubu's Armour         Chrm/Ice       #.......     99%         3    ####...
 Call Imp                 Summ           #.......     93%         2    ###....
 Tukima's Dance           Hex            #.......     99%         3    ####...
 Corpse Rot               Necr           N/A          93%         2    ###....
 Stone Arrow              Conj/Erth      #.....       99%         3    ####...
 Ice Form                 Ice/Tmut       #.......     100%        4    #####..
 Necromutation            Tmut/Necr      #.........   100%        8    #######
 Throw Icicle             Conj/Ice       #.......     100%        4    #####..
 Flame Tongue             Conj/Fire      #....        85%         1    ##.....
 Passwall                 Tmut/Erth      #.......     93%         2    ###....
 Ensorcelled Hibernation  Hex/Ice        #.....       93%         2    ###....
 Corona                   Hex            #......      85%         1    ##.....
 Lee's Rapid Deconstruct  Erth           #.........   100%        5    ######.
 Sandblast                Erth           #.....       85%         1    ##.....
 Simulacrum               Ice/Necr       #.........   100%        6    #######
 Petrify                  Tmut/Erth      #.......     100%        4    #####..
 Inner Flame              Hex/Fire       #.......     99%         3    ####...
 Dazzling Spray           Conj/Hex       #.....       99%         3    ####...
 Infestation              Necr           #.........   100%        8    #######


Dungeon Overview and Level Annotations

Branches:
Dungeon (15/15)            Temple (0/1) D:7            Lair (6/6) D:11
  Swamp (0/4) Lair:3       Spider (0/4) Lair:3        Slime (0/5) Lair:6
    Orc (2/2) D:9             Elf (2/3) Orc:2        Vaults (0/5) D:14
 Depths (0/5) D:15

Altars:
Dithmenos
Elyvilon
Fedhas
Hepliaklqana
Kikubaaqudgha
Makhleb
Nemelex Xobeh
Okawaru
Qazlal
Sif Muna
Trog
Uskayaw
Xom
Yredelemnul

Shops:
D:10 :=[   Orc:1 *   Orc:2 =*:*   Elf:2 %

Annotations:
D:5 3 runed doors, zapotec's ghost, novice OpIE


Innate Abilities, Weirdness & Mutations

You are resistant to torment.
Your stone body is resilient. (AC +12)
You are immune to poison.
Your large and strong wings let you fly indefinitely.
You resist negative energy. (rN+)
You are resistant to electric shocks. (rElec)
You can survive without breathing.
You are immune to petrification.
You are immune to rotting.
Your spells are a little harder to cast, but a little more powerful.
Your movements are slightly less encumbered by armour. (ER -2)


Message History

A shard of ice appears from out of thin air!
The shard of ice misses you. Something hits you but does no damage.
Your surroundings suddenly seem different.
You start resting.
You hear a shout!
Something hits you.
* * * LOW HITPOINT WARNING * * *
Something hits you but does no damage.
A battleaxe of chopping is nearby!
You hear some strange, mumbled words.
A shard of ice appears from out of thin air!
The shard of ice hits you!
* * * LOW HITPOINT WARNING * * *
You hear some strange, mumbled words.
A shard of ice appears from out of thin air!
The shard of ice misses you.
You hear some strange, mumbled words.
A shard of ice appears from out of thin air!
The shard of ice hits you!
You die...

..... ...(.......##
....................#
...................# ##
..................# ### ##.
..................## #.# #..
...................###.########..
................{...##...........
...................###..#####.##.
................@.## #........###
#.............#...# #.####>##.##
##...........###...# #.###.####.#
##.........## ##...##..#.## ##.
##.........(.###...###...## ##
#.............#...## #....## #
..................# #.....####
......)............ ######(^.#
...))............. ####.(.###


There were no monsters in sight!

Vanquished Creatures
  A bone dragon (Abyss:1)
  Rupert (D:14)
  A tentacled starspawn (Abyss:1)
  Kirke (D:13)
  A deep elf sorcerer (Elf:1)
  2 ghouls (D:14)
  Snorg (Lair:5)
  A fire dragon (Lair:6)
  A deep elf high priest (Elf:1)
  3 ogre magi
  The ghost of Rwicked the Geomancer, a journeyman GrEE of Vehumet (Lair:6)
  10 hydras
  Harold (Orc:1)
  4 centaur warriors
  14 two-headed ogres
  15 dancing weapons
  6 death yaks (Lair:5)
  A tengu warrior (D:13)
  Urug (D:13)
  8 deep elf knights
  A fire crab (Lair:6)
  A wretched star (Abyss:1)
  3 skeletal warriors (D:14)
  A spatial maelstrom (Abyss:1)
  A sixfirhy (Abyss:1)
  An unseen horror (D:13)
  A glowing orange brain (Abyss:1)
  4 deep elf archers
  6 orc knights
  2 deep trolls (Orc:2)
  Pikel (D:5)
  A wizard (Elf:1)
  A lindwurm (Lair:6)
  4 manticores
  3 orc sorcerers
  3 wolf spider zombies (D:14)
  5 cyclopes
  32 deep elf magi
  5 elephants (Lair:6)
  4 ugly things
  9 black mambas
  An ice statue (Lair:1)
  2 gargoyles
  10 spiny frogs
  2 molten gargoyles (Lair:6)
  2 kobold demonologists
  9 komodo dragons
  2 rime drakes
  A freezing wraith (D:14)
  2 guardian mummies (D:14)
  A merfolk (D:9)
  A tengu conjurer (D:13)
  3 ancient zymes (Abyss:1)
  11 trolls
  2 tyrant leeches (Lair:3)
  5 polar bears
  16 blink frogs
  2 hornets
  A large abomination (Abyss:1)
  7 hippogriffs
  A meliai zombie (D:14)
  A shadow (D:13)
  5 water elementals
  A ynoxinul (Abyss:1)
  A wraith (D:14)
  An air elemental (Elf:1)
  A vampire (D:13)
  10 basilisks
  16 humans
  37 yaks
  9 wyverns
  A golden eye (shapeshifter) (Elf:1)
  3 hogs (D:13)
  Eustachio (D:6)
  4 chaos spawn
  4 hungry ghosts
  2 steam dragons (Lair:6)
  Menkaure (D:4)
  A swamp worm (Lair:3)
  A warg (Orc:2)
  An acid dragon (D:13)
  4 hell hounds (Lair:6)
  10 porcupines
  A water moccasin (shapeshifter) (Elf:1)
  11 water moccasins
  26 orc warriors
  4 ice beasts
  5 sky beasts
  28 ogres
  A black bear (D:8)
  2 phantoms
  A boggart (Elf:1)
  A necrophage (D:5)
  3 small abominations (Abyss:1)
  A wolf (D:14)
  17 centaurs
  8 crocodiles
  2 big kobolds (D:12)
  15 bullfrogs
  3 earth elementals
  4 scorpions
  22 killer bees
  2 howler monkeys
  6 wights
  An electric eel (Lair:4)
  10 jellies
  8 centaur zombies
  2 bullfrog zombies
  4 lava snakes (Lair:6)
  8 crimson imps
  12 orc priests
  10 hounds
  A human zombie (Ossuary)
  A bullfrog skeleton (D:10)
  5 centaur skeletons
  Crazy Yiuf (D:4)
  9 worker ants
  4 iguanas
  22 orc wizards
  A killer bee zombie (D:6)
  A hound skeleton (D:8)
  A worker ant zombie (D:8)
  9 mummies
  17 adders
  A gnoll (D:1)
  6 shadow imps
  An ufetubus (Abyss:1)
  A worm zombie (D:7)
  2 adder skeletons
  5 worms
  A dart slug (D:1)
  5 leopard geckos
  60 orcs
  2 ball pythons
  13 bats
  4 giant cockroaches
  12 goblins
  7 hobgoblins
  14 jackals
  11 kobolds
  3 quokkas
  A ball python skeleton (D:5)
  5 frilled lizards
  A goblin zombie (Ossuary)
  A hobgoblin zombie (Ossuary)
  2 kobold zombies (Ossuary)
  2 leopard gecko skeletons (D:4)
  2 orc zombies (Ossuary)
  A quokka skeleton (D:4)
  10 rats
  A bush (Lair:6)
  4 fungi
  A plant (Lair:4)
  2 starspawn tentacles (Abyss:1)
  2 withered plants (D:14)
832 creatures vanquished.

Vanquished Creatures (others)
  A deep elf mage (Elf:1)
  A tengu conjurer (Elf:1)
  A human (D:13)
  3 slaves (D:5)
  An ogre (D:5)
  A centaur (D:5)
  A scorpion (D:5)
  A howler monkey (D:5)
  2 crimson imps (D:5)
  A jelly (D:5)
  An orc wizard (D:5)
  An adder (D:5)
  A leopard gecko (D:5)
  2 orcs (D:5)
  A quokka (D:7)
  2 fungi (Lair:6)
  5 plants
26 creatures vanquished.

Grand Total: 858 creatures vanquished

Notes
Turn   | Place    | Note
-------+----------+-------------------------------------------
     0 | D:1      | MTVSty1e the Gargoyle Monk began the quest for the Orb.
     0 | D:1      | Reached XP level 1. HP: 14/14 MP: 1/1
    51 | D:1      | Reached skill level 3 in Axes
   155 | D:1      | Reached XP level 2. HP: 18/19 MP: 2/2
   557 | D:1      | Reached XP level 3. HP: 16/23 MP: 3/3
   711 | D:1      | Reached skill level 4 in Axes
  1047 | D:2      | Reached XP level 4. HP: 26/28 MP: 4/4
  1225 | D:2      | Found a shadowy altar of Dithmenos.
  1398 | D:2      | Found an ancient bone altar of Kikubaaqudgha.
  1398 | D:2      | Found a blossoming altar of Fedhas.
  1441 | D:2      | Noticed a moth of wrath
  1444 | D:2      | Found a bloodstained altar of Trog.
  1516 | D:2      | Reached skill level 5 in Axes
  1858 | D:2      | Reached XP level 5. HP: 28/32 MP: 5/5
  2206 | D:3      | Found a white marble altar of Elyvilon.
  2392 | D:3      | Found a hazy altar of Hepliaklqana.
  2756 | D:3      | Reached XP level 6. HP: 37/37 MP: 6/6
  3088 | D:3      | Found a stormy altar of Qazlal.
  3088 | D:3      | Found an iron altar of Okawaru.
  3092 | D:3      | Became a worshipper of Warmaster Okawaru
  3092 | D:3      | Reached * piety under Okawaru
  3092 | D:3      | Reached ** piety under Okawaru
  3180 | D:4      | Reached skill level 6 in Axes
  3198 | D:4      | Noticed Menkaure
  3205 | D:4      | Killed Menkaure
  3401 | D:4      | Reached skill level 7 in Axes
  3401 | D:4      | Reached XP level 7. HP: 28/41 MP: 7/7
  3806 | D:4      | Reached *** piety under Okawaru
  3991 | D:4      | Found a runed door.
  3995 | D:4      | Noticed Crazy Yiuf
  4004 | D:4      | Killed Crazy Yiuf
  4112 | D:5      | Entered Level 5 of the Dungeon
  4197 | D:5      | Reached skill level 8 in Axes
  4198 | D:5      | Noticed Pikel
  4233 | D:5      | Killed Pikel
  4233 | D:5      | Reached **** piety under Okawaru
  4233 | D:5      | Reached skill level 9 in Axes
  4233 | D:5      | Reached XP level 8. HP: 12/46 MP: 8/8
  4519 | D:5      | Found a runed gate.
  4520 | D:5      | Found a runed gate.
  4520 | D:5      | Found a runed gate.
  4548 | D:5      | Noticed zapotec's ghost (novice OpIE)
  4644 | D:5      | Reached skill level 10 in Axes
  4943 | D:6      | Found a deep blue altar of Sif Muna.
  4976 | D:6      | Reached XP level 9. HP: 35/51 MP: 9/9
  5111 | D:6      | Noticed Eustachio
  5141 | D:6      | Killed Eustachio
  5141 | D:6      | Reached skill level 11 in Axes
  5149 | D:6      | Reached ***** piety under Okawaru
  5176 | D:6      | Got a slimy long sword {speed}
  5379 | D:6      | Found a sparkling altar of Nemelex Xobeh.
  5490 | D:7      | Found a staircase to the Ecumenical Temple.
  5697 | D:7      | Found a sand-covered staircase.
  5719 | Ossuary  | Entered an ossuary
  6268 | D:7      | Found a white marble altar of Elyvilon.
  6411 | D:7      | Reached skill level 12 in Axes
  6527 | D:7      | Gained mutation: You tend to lose your temper in combat. [potion of mutation]
  6527 | D:7      | Gained mutation: Your large and strong wings let you fly indefinitely. [potion of mutation]
  6527 | D:7      | Gained mutation: You are robust. (+10% HP) [potion of mutation]
  6528 | D:7      | Lost mutation: Your large and strong wings let you fly indefinitely. [potion of mutation]
  6528 | D:7      | Lost mutation: You are robust. (+10% HP) [potion of mutation]
  6528 | D:7      | Lost mutation: You tend to lose your temper in combat. [potion of mutation]
  6528 | D:7      | Gained mutation: You can translocate small distances at will. [potion of mutation]
  6528 | D:7      | Gained mutation: Your spells are a little harder to cast, but a little more powerful. [potion of mutation]
  6529 | D:7      | Lost mutation: You can translocate small distances at will. [potion of mutation]
  6529 | D:7      | Lost mutation: Your spells are a little harder to cast, but a little more powerful. [potion of mutation]
  6529 | D:7      | Gained mutation: Your movements are slightly less encumbered by armour. (ER -2) [potion of mutation]
  6529 | D:7      | Gained mutation: Your spells are a little harder to cast, but a little more powerful. [potion of mutation]
  7580 | D:8      | Reached XP level 10. HP: 56/56 MP: 10/10
  7588 | D:8      | Found a basalt altar of Yredelemnul.
  7588 | D:8      | Noticed a gargoyle
  7787 | D:8      | Received a gift from Okawaru
  7802 | D:8      | Reached skill level 1 in Armour
  7921 | D:8      | Killed a gargoyle
  8187 | D:8      | Identified the +4 long sword of the Extremes {speed, Fragile Dex+7 Stlth+} (You took it off an orc on level 6 of the Dungeon)
  8214 | D:8      | Reached skill level 5 in Fighting
  8242 | D:8      | Found a deep blue altar of Sif Muna.
  8328 | D:8      | Found a shimmering altar of Xom.
  8329 | D:8      | Found the +7 mace of Variability {chain chaos}
  8502 | D:8      | Reached skill level 13 in Axes
  8519 | D:8      | Found a burning altar of Makhleb.
  8520 | D:8      | Found a shimmering altar of Xom.
  8887 | D:9      | Received a gift from Okawaru
  8890 | D:9      | Got a shimmering great mace {god gift}
  8891 | D:9      | Identified the +8 great mace of Evisceration {crush, +Fly Int-3 Dex+2} (Okawaru gifted it to you on level 9 of the Dungeon)
  9128 | D:9      | Found a staircase to the Orcish Mines.
  9225 | D:9      | Reached XP level 11. HP: 66/66 MP: 11/11
  9542 | D:10     | Entered Level 10 of the Dungeon
  9957 | D:10     | Found Bauhunopp's Jewellery Emporium.
  9960 | D:10     | Bought the ring "Dozay" {EV+4 Int-3 Slay+2 Stlth+} for 622 gold pieces
  9985 | D:10     | Found Foriab's Book Shoppe.
 10069 | D:10     | Noticed a manticore
 10079 | D:10     | Killed a manticore
 10181 | D:10     | Received a gift from Okawaru
 10202 | D:10     | Found Otojuivu's Antique Armour Emporium.
 10389 | D:11     | Noticed a red ugly thing
 10401 | D:11     | Killed a red ugly thing
 10439 | D:11     | Received a gift from Okawaru
 10456 | D:11     | Reached skill level 5 in Armour
 10628 | D:11     | Found a staircase to the Lair.
 10656 | D:11     | Noticed a cyclops
 10663 | Lair:1   | Entered Level 1 of the Lair of Beasts
 11408 | Lair:1   | Reached ****** piety under Okawaru
 11408 | Lair:1   | Reached skill level 1 in Invocations
 11795 | Lair:1   | Reached skill level 5 in Dodging
 11795 | Lair:1   | Reached skill level 1 in Evocations
 11808 | Lair:1   | Got a smoking zirconium amulet
 11812 | Lair:1   | Got a steaming ivory amulet
 12207 | Lair:1   | Identified the amulet of Miuruz {Gourm Int+6} (You found it on level 1 of the Lair of Beasts)
 12208 | Lair:1   | Identified the amulet of the Eagle {Faith rC+ Str+4} (You found it on level 1 of the Lair of Beasts)
 12253 | Lair:2   | Reached skill level 14 in Axes
 12253 | Lair:2   | Reached XP level 12. HP: 75/75 MP: 13/13
 12317 | Lair:2   | Received a gift from Okawaru
 12320 | Lair:2   | Got an iridescent battleaxe {god gift}
 12321 | Lair:2   | Identified the +3 battleaxe of Animal Spirits {flame, Str+2} (Okawaru gifted it to you on level 2 of the Lair of Beasts)
 13144 | Lair:3   | Found a hole to the Spider Nest.
 13414 | Lair:3   | Noticed a five-headed hydra
 13422 | Lair:3   | Killed a one-headed hydra
 13424 | Lair:3   | Found a staircase to the Swamp.
 13540 | Lair:3   | Noticed a seven-headed hydra
 13545 | Lair:3   | Killed a four-headed hydra
 13916 | Lair:4   | Received a gift from Okawaru
 14363 | Lair:4   | Found a hide-covered altar of Uskayaw.
 14422 | Lair:4   | Reached skill level 10 in Fighting
 14759 | Lair:4   | Noticed a four-headed hydra
 14765 | Lair:4   | Killed a one-headed hydra
 15077 | Lair:5   | Noticed Snorg
 15092 | Lair:5   | Killed Snorg
 15092 | Lair:5   | Received a gift from Okawaru
 15094 | Lair:5   | Reached XP level 13. HP: 32/83 MP: 12/16
 16337 | Lair:6   | Entered Level 6 of the Lair of Beasts
 16358 | Lair:6   | Reached skill level 5 in Invocations
 16361 | Lair:6   | Received a gift from Okawaru
 16383 | Lair:6   | Got a blackened ring mail {god gift}
 16384 | Lair:6   | Identified the +3 ring mail of Axkizate {rN+ MR+ Int+3} (Okawaru gifted it to you on level 6 of the Lair of Beasts)
 16746 | Lair:6   | Reached skill level 15 in Axes
 17100 | Lair:6   | Found a large runed door.
 17101 | Lair:6   | Found a large runed door.
 17242 | Lair:6   | Found a staircase to the Slime Pits.
 17338 | Lair:6   | Gained mutation: Your large and strong wings let you fly indefinitely. [Gargoyle growth]
 17338 | Lair:6   | Reached XP level 14. HP: 73/91 MP: 18/18
 17618 | Lair:6   | Found a large runed door.
 17823 | Lair:6   | Reached skill level 5 in Evocations
 17921 | Lair:6   | Received a gift from Okawaru
 17963 | Lair:6   | Found a large runed door.
 18001 | Lair:6   | Received a gift from Okawaru
 18118 | Lair:6   | Noticed Rwicked's ghost (journeyman GrEE)
 18187 | Lair:6   | Killed Rwicked's ghost
 18193 | Lair:6   | Identified Duat's Reference Book on Evil and Cold
 19991 | D:12     | Found the +3 Elemental Staff {rElec rF++ rC++ MR++ AC+5}
 20455 | D:13     | Noticed Kirke
 20514 | D:13     | Received a gift from Okawaru
 20577 | D:13     | Noticed Nessos
 20755 | D:13     | Noticed Urug
 20774 | D:13     | Killed Urug
 20999 | D:13     | Reached XP level 15. HP: 97/97 MP: 19/22
 21383 | D:13     | Noticed Nessos
 21383 | D:13     | Nessos changed into Nessos the manticore
 21388 | D:13     | Killed Nessos the manticore
 21396 | D:13     | Killed Kirke
 21423 | D:13     | Reached skill level 10 in Invocations
 21863 | D:14     | Found a gate to the Vaults.
 21863 | D:14     | Noticed Rupert
 21983 | D:14     | Reached XP level 16. HP: 104/104 MP: 23/23
 22172 | D:14     | Reached skill level 16 in Axes
 22304 | D:14     | Received a gift from Okawaru
 22323 | D:14     | Killed Rupert
 23122 | D:15     | Entered Level 15 of the Dungeon
 23349 | D:15     | Found a staircase to the Depths.
 23842 | Orc:1    | Entered Level 1 of the Orcish Mines
 23852 | Orc:1    | Noticed Harold
 23867 | Orc:1    | Killed Harold
 23989 | Orc:1    | Reached skill level 10 in Armour
 24252 | Orc:1    | Found Fats's General Store.
 24494 | Orc:2    | Entered Level 2 of the Orcish Mines
 24518 | Orc:2    | Cast into level 1 of the Abyss (orc warrior)
 24653 | Abyss:1  | Noticed a bone dragon
 24672 | Abyss:1  | Killed a bone dragon
 24737 | Abyss:1  | Received a gift from Okawaru
 24858 | Abyss:1  | Noticed a tentacled starspawn
 24868 | Abyss:1  | Killed a tentacled starspawn
 24876 | Orc:2    | Escaped the Abyss
 25026 | Orc:2    | Reached XP level 17. HP: 67/110 MP: 20/26
 25469 | Orc:2    | Found a staircase to the Elven Halls.
 25525 | Orc:2    | Found Qint's Jewellery Emporium.
 25544 | Orc:2    | Received a gift from Okawaru
 25567 | Orc:2    | Found Usyb's Book Shoppe.
 25584 | Orc:2    | Found Mytoez's Assorted Antiques.
 25602 | Orc:2    | Found Jonnoq's Assorted Antiques.
 25788 | Orc:2    | Bought 2 potions of heal wounds for 290 gold pieces
 25788 | Orc:2    | Bought a potion of haste for 290 gold pieces
 25788 | Orc:2    | Bought a crude shield for 275 gold pieces
 25788 | Orc:2    | Identified the +3 shield "Iqehat" {rElec rC+ MR- Str+2} (You bought it in a shop on level 2 of the Orcish Mines)
 25831 | Elf:1    | Entered Level 1 of the Elven Halls
 26246 | Elf:1    | Reached skill level 17 in Axes
 26807 | Elf:1    | Received a gift from Okawaru
 27395 | Orc:2    | Bought an uncursed ring of protection from fire for 300 gold pieces
 27409 | Orc:2    | Identified a scroll of acquirement
 27412 | Orc:2    | Got a pitted shield
 27413 | Orc:2    | Identified the +4 shield "Fastycs" {Regen+ Int-5 Dex+6 SInv} (You acquired it on level 2 of the Orcish Mines)
 27874 | Elf:2    | Found Qarumnec's Food Boutique.
 28234 | Elf:2    | Found a runed gate.
 28234 | Elf:2    | Found a runed gate.
 28234 | Elf:2    | Found a runed gate.
 28435 | Elf:2    | Received a gift from Okawaru
 28453 | Elf:2    | Identified the +2 chain mail of Rimigos {*Slow rPois rF+ rC++ rCorr} (Okawaru gifted it to you on level 2 of the Elven Halls)
 28775 | Elf:2    | Killed from afar by a deep elf knight

Skill      XL: |  1  2  3  4  5  6  7  8  9 10 11 12 13 14 15 16 17 |
---------------+----------------------------------------------------+-----
Axes           | 3 4 5 7 9 10 12 13 14 15 16 17 | 17.4
Armour         | 3 5 6 8 9 10 11 | 11.4
Fighting       | 6 8 10 11 12 13 14 | 14.4
Dodging        | 3 5 6 7 8 9 |  9.4
Invocations    | 1 4 5 9 10 12 13 | 13.6
Evocations     | 1 3 4 5 |  5.7
Stealth        | |  2.1

Action                   |  1- 3 |  4- 6 |  7- 9 | 10-12 | 13-15 | 16-18 || total
-------------------------+-------+-------+-------+-------+-------+-------++-------
Melee: Hand axe          |   123 |    64 |       |       |       |       ||   187
       War axe           |       |    99 |   469 |    31 |       |       ||   599
       Spear             |       |    40 |       |       |       |       ||    40
       Battleaxe         |       |       |       |   451 |   259 |       ||   710
       Great mace        |       |       |       |    22 |       |       ||    22
       Executioner's axe |       |       |       |       |   400 |   974 ||  1374
Invok: Heroism           |       |       |       |     4 |     7 |    11 ||    22
       Finesse           |       |       |       |       |       |     2 ||     2
 Abil: Evoke Flight      |       |       |       |     2 |       |       ||     2
Evoke: Wand              |       |       |       |       |     2 |       ||     2
  Use: Scroll            |       |     7 |    12 |    19 |     4 |     8 ||    50
       Potion            |       |       |     3 |     3 |     6 |     7 ||    19
 Stab: Sleeping          |     1 |       |       |       |     7 |     9 ||    17
       Distracted        |       |       |       |       |     2 |     4 ||     6
  Eat: Chunk             |       |     3 |     1 |     1 |     3 |       ||     8
       Ration            |       |     2 |     4 |     8 |    10 |     6 ||    30
Armor: Ring mail         |    56 |    94 |       |       |       |       ||   150
       Robe              |     4 |       |       |       |       |       ||     4
       Scale mail        |       |    25 |   291 |    90 |       |       ||   406
       Plate armour      |       |       |       |   271 |   468 |       ||   739
       Shadow dragon sca |       |       |       |       |   178 |   930 ||  1108
Dodge: Dodged            |    97 |   110 |   249 |   313 |   708 |  1062 ||  2539
